 Dungeon Crawl Stone Soup version 0.29-a0-664-gff9cad4a3d (webtiles) character file.

Game seed: 4874352137353459134

37 dolemite99 the Poker (level 3, -1/31 HPs)
             Began as a Draconian Chaos Knight on June 23, 2022.
             Was a Plaything of Xom.
             Slain by a gnoll
             ... wielding a +0 spear
             ... summoned by Xom
              (3 damage)
             ... on level 4 of the Dungeon.
             The game lasted 00:01:08 (1106 turns).

dolemite99 the Poker (Draconian Chaos Knight)       Turns: 1106, Time: 00:01:09

Health: -1/31      AC:  5    Str: 16    XL:     3   Next: 21%
Magic:  3/3        EV: 12    Int: 12    God:    Xom [*.....]
Gold:   41         SH:  0    Dex: 10    Spells: 2/2 levels left

rFire   . . .      SeeInvis .   a - +0 spear (chaos)
rCold   . . .      Faith    .   (no shield)
rNeg    . . .      Spirit   .   (body armour unavailable)
rPois   .          Reflect  .   (helmet restricted)
rElec   .          Harm     .   (no cloak)
rCorr   .          Rampage  .   (no gloves)
Will    .....                   (no boots)
Stlth   +.........              (no amulet)
HPRegen 0.10/turn               (no ring)
MPRegen 0.08/turn               (no ring)

@: no status effects
A: AC +5, unfitting armour, cold-blooded
a: Renounce Religion


You were on level 4 of the Dungeon.
You worshipped Xom.
You were a special plaything of Xom.
You visited 1 branch of the dungeon, and saw 3 of its levels.

You collected 41 gold pieces.

Inventory:

Hand Weapons
 a - a +0 spear of chaos (weapon)
Magical Staves
 i - a staff of cold
Jewellery
 c - a +6 ring of intelligence
Scrolls
 d - a scroll of fog {unknown}
 g - a scroll of fear {unknown}
 h - a scroll of magic mapping {unknown}
Potions
 e - a potion of haste {unknown}
 f - a potion of curing {unknown}
Miscellaneous
 b - a piece from Xom's chessboard (1/15) (quivered)


   Skills:
 - Level 3.2 Fighting
 + Level 4.3 Polearms
 - Level 2.1 Dodging


You had 2 spell levels left.
You didn't know any spells.
Your spell library was empty.

Dungeon Overview and Level Annotations

Branches:
Dungeon (2/15)

Altars:


Innate Abilities, Weirdness & Mutations

Your plain brown scales are hard. (AC +5)
You cannot fit into any form of body armour.
You are cold-blooded and may be slowed by cold attacks.


Message History

You start waiting. "Let's see if it's strong enough to survive yet."
There are monsters nearby!
You hit the gnoll. You freeze the gnoll.
The gnoll is severely wounded.
There are monsters nearby!
You hit the gnoll. You burn the gnoll.
The gnoll is almost dead.
The gnoll barely misses you.
The gnoll hits you from afar with a +0 spear!
There are monsters nearby!
You hit the gnoll but do no damage.
The gnoll is almost dead.
The hound bites you. The gnoll hits you with a +0 halberd!
* * * LOW HITPOINT WARNING * * *
You emit a cloud of colourful smoke!
The gnoll hits you from afar with a +0 spear.
* * * LOW HITPOINT WARNING * * *
The hound barely misses you.
You are too injured to fight recklessly!
You hit the gnoll. You freeze the gnoll.
You kill the gnoll!
The gnoll's corpse disappears in a puff of smoke!
The gnoll barely misses you. The hound barely misses you.
The jackal bites you but does no damage.
You hit the hound but do no damage.
The hound changes into a shapeshifter!
You tail-slap the shapeshifter.
The shapeshifter is lightly wounded.
The shapeshifter changes into a human!
The gnoll barely misses you. The jackal closely misses you.
You barely miss the human. The jackal barely misses you. The gnoll misses you.
The human hits you.
* * * LOW HITPOINT WARNING * * *
You hit the jackal. You burn the jackal.
The jackal is almost dead.
The jackal bites you.
* * * LOW HITPOINT WARNING * * *
The gnoll hits you from afar with a +0 spear.
You die...
Xom yawns loudly!

#..#.....#
...#....#
#..#...#
#...#(.#
!..#.# #.#.#
#.§.#
##########g###
.....§hp@hg#
############


You could see a human shaped shifter (summoned), 2 gnolls and 2 jackals.

Vanquished Creatures
  2 adders
  2 dart slugs (D:1)
  2 endoplasms (D:1)
  A giant cockroach (D:2)
  A quokka (D:1)
  A ball python (D:4)
  2 bats (D:1)
  2 frilled lizards (D:1)
  2 goblins (D:1)
  A kobold (D:1)
  2 rats (D:1)
18 creatures vanquished.

Notes
Turn   | Place    | Note
-------+----------+-------------------------------------------
     0 | D:1      | dolemite99 the Draconian Chaos Knight began the quest for
                  | the Orb.
     0 | D:1      | Reached XP level 1. HP: 19/19 MP: 1/1
    70 | D:1      | XOM: silly message
   119 | D:1      | Found a faded altar of an unknown god.
   199 | D:1      | Reached XP level 2. HP: 26/26 MP: 2/2
   441 | D:1      | XOM: divination: magic mapping
   574 | D:1      | XOM: divination: detect items
   862 | D:2      | Reached skill level 4 in Polearms
   888 | D:2      | XOM is BORED!
   888 | D:2      | XOM: noise
   933 | D:2      | You fall into a shaft and drop 2 floors!
   949 | D:4      | Reached XP level 3. HP: 25/31 MP: 3/3
  1082 | D:4      | XOM: silly message
  1099 | D:4      | XOM: summons 3 hostile shadow creatures
  1102 | D:4      | XOM: smoke on damage
  1104 | D:4      | Noticed a shapeshifter
  1104 | D:4      | a hound changed into a shapeshifter
  1104 | D:4      | Noticed a human
  1104 | D:4      | a shapeshifter changed into a human
  1106 | D:4      | Slain by a gnoll

Illustrated notes

Levels and vault maps discovered:
D:1:      lordsloth_arrival_two_stooges, layout_basic,
          hellmonk_ecumenical_altar_crossroads, chequers_jeans
D:2:      layout_loops_corners, minmay_misc_feat_plants,
          minmay_misc_feat_pillars
D:4:      layout_basic, minivault_26, uniq_robin

Skill      XL: |  1  2 |
---------------+-------+-----
Polearms       | 4 |  4.3
Fighting       | |  3.2
Dodging        | |  2.1

Action                   || total
-------------------------++-------
Melee: Spear             ||    50
       Tailslap          ||     5
Evoke: Piece from Xom's  ||    16
 Stab: Paralysed         ||     3
Armor: Skin              ||    10
Dodge: Dodged            ||    22

Table legend: (Time is in decaauts)
 A = Elapsed time spent in this place.
 B = Non-inter-level travel time spent in this place.
 C = Inter-level travel time spent in this place.
 D = Time resting spent in this place.
 E = Time spent auto-exploring this place.
 F = Levels seen in this place.
 G = Mean time per level.
                   A        B        C        D        E       F      G
               +--------+--------+--------+--------+--------+-----+--------+
         Total |   1101 |   1086 |     15 |    149 |    740 |   3 |  367.0 |
       Dungeon |   1101 |   1086 |     15 |    149 |    740 |   3 |  367.0 |
               +--------+--------+--------+--------+--------+-----+--------+

Top non-repeatable levels by time:
     D:1: 756 daAuts
     D:2: 173 daAuts
     D:4: 171 daAuts
